 Dungeon Crawl Stone Soup version 0.31.0-9-g3a7656b989 (webtiles) character file.

Game seed: 7522312365243412556

51 sormi the Firebug (level 3, 0/26 HPs)
             Began as a Draconian Fire Elementalist on Jan 24, 2024.
             Killed by nerve-wracking pain
             ... invoked by an orc priest
              (12 damage)
             ... on level 2 of the Dungeon.
             The game lasted 00:03:56 (1411 turns).

sormi the Firebug (Draconian Fire Elementalist)     Turns: 1411, Time: 00:03:57

Health: 0/26       AC:  5    Str: 10    XL:     3   Next: 58%
Magic:  1/6        EV: 12    Int: 17    God:
Gold:   90         SH:  0    Dex: 11    Spells: 5/6 levels left

rFire   . . .        d - +0 dagger
rCold   . . .        (no shield)
rNeg    . . .        (body armour unavailable)
rPois   .            (helmet restricted)
rElec   .            (no cloak)
rCorr   .            (no gloves)
SInv    .            (no boots)
Will    .....        (no amulet)
Stlth   ++           (no ring)
HPRegen 0.24/turn    (no ring)
MPRegen 0.10/turn

%: no passive effects
@: no status effects
A: AC +5, unfitting armour, cold-blooded
a: no special abilities


You were on level 2 of the Dungeon.
You visited 1 branch of the dungeon, and saw 2 of its levels.

You collected 90 gold pieces.

Inventory:

Hand Weapons
 d - a +0 dagger (weapon)
Scrolls
 e - 3 scrolls of identify {unknown}
 f - a scroll of immolation {unknown}
 g - 2 scrolls of fear {unknown}
Potions
 a - a potion of magic
 b - a potion of might {unknown}
 c - a potion of cancellation {unknown}
 h - a potion of heal wounds {unknown}
 i - a potion of lignification {unknown}


   Skills:
 - Level 2.1 Dodging
 - Level 2.0 Stealth
 + Level 2.4 Spellcasting
 - Level 1.0 Conjurations
 * Level 3.9 Fire Magic


You had 5 spell levels left.
You knew the following spells:

 Your Spells              Type           Power      Damage    Failure   Level
a - Foxfire               Conj/Fire      40%        2x1d6     7%          1

Your spell library contained the following spells:

 Spells                   Type           Power      Damage    Failure   Level
 Scorch                   Fire           30%        2d6       5%          2
 Freeze                   Ice            8%         1d3       19%         1
 Inner Flame              Hex/Fire       8%         N/A       24%         3
 Volatile Blastmotes      Fire/Tloc      16%        2d11      24%         3
 Hailstorm                Conj/Ice       3%         3d5       41%         3
 Frozen Ramparts          Ice            4%         1d1       50%         3
 Flame Wave               Conj/Fire      10%        2d6       54%         4


Dungeon Overview and Level Annotations

Branches:
Dungeon (2/15)

Altars:


Innate Abilities, Weirdness & Mutations

Your plain brown scales are hard. (AC +5)
You cannot fit into any form of body armour.
You are cold-blooded and may be slowed by cold attacks.


Message History

You closely miss the orc.
The orc is severely wounded.
The foxfire hits the orc.
You kill the orc!
The foxfire hits the orc.
The orc is severely wounded.
The orc closely misses you.
You hit the orc.
The orc is severely wounded.
The orc misses you. The orc priest completely misses you.
You closely miss the orc.
The orc is severely wounded.
The orc hits you but does no damage.
The orc priest hits you with a +0 flail.
You closely miss the orc.
The orc is severely wounded.
The orc hits you with a +0 club. The orc priest barely misses you.
You barely miss the orc.
The orc is severely wounded.
The orc hits you but does no damage. The orc priest closely misses you.
You hit the orc but do no damage.
The orc is severely wounded.
The orc hits you with a +0 club. The orc priest barely misses you.
You hit the orc.
The orc is almost dead.
The orc priest looks encouraged for a moment.
The orc closely misses you.
You barely miss the orc.
The orc is almost dead.
The orc hits you with a +0 club.
The orc priest looks satisfied for a moment.
You hit the orc but do no damage.
The orc is almost dead.
The orc hits you with a +0 club.
The orc priest hits you but does no damage.
You hit the orc.
You kill the orc!
The orc priest mumbles some strange prayers to Beogh against you.
Pain shoots through your body!
You die...

# # #. .## #..##
##....
#...####.....#
#...)......# #o@#
#)##
##########.####
#####.............#
#.....########.##.#
#.##### #.# # #.#
..# #.# ### #.#


You could see an orc priest.

Vanquished Creatures
  An adder (D:2)
  A dart slug (D:1)
  4 orcs (D:2)
  2 endoplasms (D:2)
  3 giant cockroaches
  7 goblins
  5 hobgoblins
  4 ball pythons
  4 bats
  2 frilled lizards
  A rat (D:1)
34 creatures vanquished.

Vanquished Creatures (others)
  86 foxfires
86 creatures vanquished.

Grand Total: 120 creatures vanquished

Notes
Turn   | Place    | Note
-------+----------+-------------------------------------------
     0 | D:1      | sormi the Draconian Fire Elementalist began the quest for
                  | the Orb.
     0 | D:1      | Reached XP level 1. HP: 14/14 MP: 3/3
   181 | D:1      | Reached XP level 2. HP: 20/20 MP: 3/5
  1072 | D:2      | Reached XP level 3. HP: 26/26 MP: 2/6
  1411 | D:2      | Killed from afar by an orc priest

Illustrated notes

Levels and vault maps discovered:
D:1:      minmay_arrival_shoal_huts, layout_loops_cross
D:2:      layout_loops_ring, basic_ecumenical_altar,
          chequers_serial_rivers_small_3, minmay_misc_feat_iff,
          grunt_ministairs_2

Skill      XL: |  1 |
---------------+----+-----
Stealth        | 2 |  2.0
Dodging        | 2 |  2.1
Spellcasting   | |  2.4
Conjurations   | |  1.0
Fire Magic     | |  3.9

Action                     || total
---------------------------++-------
  Melee: Unarmed           ||     1
         Dagger            ||    22
         Punch             ||     1
   Cast: Foxfire           ||    58
 Armour: Skin              ||    49
  Dodge: Dodged            ||    54
